Map: Blueshift LE

Players

Split - Winner!

  • Race: Terran Terran
  • League: Silver
  • Spawn Location: 1:00

Michael

  • Race: Protoss Protoss
  • League: Platinum
  • Spawn Location: 7:00

VOD

Have the link to the VOD?

Description

Time

  • Played on: Oct. 13, 2018, 1:41 a.m.
  • Length: 5:00
Show
View Real Time Build Order
Export as new Build Order

Split Terran - Winner!

Build Orders: Cyclone Opening, Reaper Expand 

Get SALT Encoding   

  12  0:01  SCV  
  13  0:13  SCV  
  14  0:19  Supply Depot  
  14  0:25  SCV  
  15  0:28  Refinery  
  15  0:41  SCV  
  16  0:45  Barracks  
  16  0:53  SCV  
  17  1:05  SCV  
  18  1:17  SCV  
  19  1:33  Orbital Command  
  19  1:34  Reaper  
  20  1:46  Command Center  
  20  1:57  Factory  
  20  1:58  SCV  
  21  2:08  Barracks Reactor  
  21  2:10  SCV  
  21  2:14  Supply Depot  
  22  2:23  SCV  
  23  2:36  SCV  
  24  2:40  Refinery  
  24  2:46  Marine x2  
  24  2:47  Cyclone  
  24  2:48  SCV  
  30  3:00  SCV  
  31  3:06  Orbital Command  
  31  3:07  Marine x2  
  33  3:16  SCV  
  33  3:18  Supply Depot  
  34  3:24  Cyclone  
  34  3:25  Marine x2  
  39  3:28  SCV  
  40  3:36  SCV  
  40  3:40  SCV  
  42  3:43  Marine x2  
  44  3:57  SCV x2  
  44  4:00  Factory Reactor  
  46  4:04  Command Center  
  46  4:09  SCV x2  
  48  4:11  Barracks Tech Lab  
  47  4:48  SCV  
Show
View Real Time Build Order
Export as new Build Order

Michael Protoss 

Build Orders:  

Get SALT Encoding   

  1  0:00  Probe  
  12  0:05  Probe  
  14  0:19  Pylon  
  14  0:26  Probe  
  15  0:38  Probe, Gateway  
  16  0:50  Probe  
  17  0:59  Probe  
  18  1:07  Probe  
  18  1:10  Pylon  
  18  1:16  Probe  
  20  1:28  Pylon  
  20  1:29  Zealot  
  22  1:41  Cybernetics Core  
  22  1:43  Probe  
  23  1:51  Gateway  
  23  1:55  Probe  
  23  1:56  Zealot  
  26  2:07  Probe  
  27  2:10  Pylon  
  27  2:19  Probe  
  28  2:22  Nexus  
  28  2:29  Assimilator  
  28  2:32  Zealot  
  26  3:06  Probe  
  26  3:19  Probe  
  27  3:26  Pylon  
  24  3:38  Stalker  
  24  3:40  Probe  
  26  3:46  Probe  
  26  3:48  Probe  
  28  3:52  Pylon  
  29  3:58  Probe  
  29  4:01  Forge  
  29  4:04  Stalker  
  29  4:08  Adept  
  32  4:14  Probe x2  
  34  4:26  Probe x2  
  38  4:38  Probe x2, Assimilator  
  36  4:45  Twilight Council  
Tags
 
Add a new tag
Caveats
  • Supply blocks, unpowered buildings, or Contaminate may cause inaccurate times.
  • Supply counts are checked every 10 seconds.